 Dungeon Crawl Stone Soup version 0.27-a0-538-g15ff5c5295 (webtiles) character file.

Game seed: 16213688596717780279

1071 jasper the Destroyer (level 8, -4/46 HPs)
             Began as an Octopode Conjurer on Mar 6, 2021.
             Killed from afar by an orc wizard (8 damage)
             ... with a magic dart
             ... on level 6 of the Dungeon.
             The game lasted 00:07:48 (5296 turns).

jasper the Destroyer (Octopode Conjurer)            Turns: 5296, Time: 00:07:49

Health: -4/46      AC:  1    Str: 12    XL:     8   Next: 28%
Magic:  13/15      EV: 13    Int: 22    God:
Gold:   306        SH:  0    Dex: 10    Spells: 8/17 levels left

rFire    . . .     SeeInvis .   r - +6 great sword "Fyunisku" {vorpal, rElec Str+5}
rCold    . . .     Faith    .   (shield currently unavailable)
rNeg     . . .     Spirit   .   (helmet restricted)
rPois    .         Reflect  .   (no amulet)
rElec    +         Harm     .   l - +4 ring of slaying
rCorr    .         Rampage  .   (no ring)
Will     .....                  (no ring)
Stlth    ++........             (no ring)
HPRegen  0.15/turn              (no ring)
MPRegen  0.14/turn              (no ring)
                                (no ring)
                                (no ring)

@: confused, slowed, very slow
A: almost no armour, amphibious, 8 rings, constrict 8, camouflage 1, gelatinous
body 1, nimble swimmer 1
a: no special abilities


You were on level 6 of the Dungeon.
You visited 1 branch of the dungeon, and saw 6 of its levels.

You collected 306 gold pieces.

Inventory:

Hand Weapons
 r - the +6 great sword "Fyunisku" (weapon) {vorpal, rElec Str+5}
   (You found it on level 5 of the Dungeon)

   It inflicts extra damage upon your enemies.
   It affects your strength (+5).
   It insulates you from electricity.
Jewellery
 l - a +4 ring of slaying (left tentacle)
Wands
 s - a wand of iceblast (7)
Scrolls
 a - 3 scrolls of teleportation {unknown}
 c - a scroll of blinking {unknown}
 e - 8 scrolls of identify {unknown}
 g - a scroll of enchant armour {unknown}
 h - 3 scrolls of fog {unknown}
 i - a scroll of noise {unknown}
 k - 2 scrolls of magic mapping {unknown}
 o - a scroll of amnesia {unknown}
Potions
 b - 2 potions of might {unknown}
 d - 2 potions of flight {unknown}
 f - a potion of berserk rage {unknown}
 j - 3 potions of heal wounds {unknown}
 m - a potion of haste {unknown}
 n - a potion of attraction {unknown}
 p - a potion of mutation {unknown}
 q - a potion of degeneration {unknown}


   Skills:
 - Level 2.0 Dodging
 - Level 2.6 Stealth
 + Level 5.2 Spellcasting
 * Level 8.8 Conjurations


You had 8 spell levels left.
You knew the following spells:

 Your Spells              Type           Power      Damage    Failure   Level
a - Magic Dart            Conj           100%       1d8       1%          1
b - Searing Ray           Conj           88%        3d6       1%          2
c - Fulminant Prism       Conj/Hex       12%        3d9       16%         4
d - Apportation           Tloc           10%        N/A       10%         1
e - Animate Skeleton      Necr           10%        N/A       10%         1

Your spell library contained the following spells:

 Spells                   Type           Power      Damage    Failure   Level
 Dazzling Flash           Conj/Hex       50%        N/A       4%          3
 Corona                   Hex            5%         N/A       10%         1
 Summon Small Mammal      Summ           20%        N/A       10%         1
 Iskenderun's Mystic Bla  Conj/Tloc      25%        2d7       16%         4


Dungeon Overview and Level Annotations

Branches:
Dungeon (6/15)
 Temple: D:4-7

Altars:
Yredelemnul


Innate Abilities, Weirdness & Mutations

You cannot wear most types of armour.
You are amphibious.
You can wear up to eight rings at the same time.
You can use your tentacles to constrict eight enemies at once.
Your skin changes colour to match your surroundings (Stealth+).
Your rubbery body absorbs attacks. (AC +1, EV +1)
You are stealthy while swimming. (Stealth+)


Message History

Press: ? - help, Dir - move target You miscast Fulminant Prism.
You are very lightly contaminated with residual magic.
The light around you dims momentarily.
You feel yourself slow down.
You now have 11/15 mp.
The howler monkey hoots and howls with incredible vigour!
You hear a shout! x3; You hear a howl!
You hear a shout! x2
The giant cockroach closely misses you. The giant cockroach barely misses you.
The giant cockroach bites you.
You take 2 damage, and have 32/46 hp.
A howler monkey comes into view.
The giant cockroach bites you.
You take 1 damage, and have 31/46 hp.
You hear some strange, mumbled words.
You are confused.
The giant cockroach barely misses you.
The howler monkey howls!
The howler monkey hoots and howls with incredible vigour! x2
You hear a shout!
Something shouts, "Leave, thou infectious nut-hook pignut!"
You hear a shout! x3
Your magical contamination has completely faded away.
You're too confused to move!
The howler monkey hits you. The giant cockroach closely misses you.
Something hits you. The howler monkey hits you.
The giant cockroach barely misses you. Something hits you.
You take 16 damage, and have 15/46 hp.
MASSIVE DAMAGE!!
You miss the howler monkey. The howler monkey hits you.
The giant cockroach barely misses you. The howler monkey hits you.
* * * LOW HITPOINT WARNING * * *
Something hits you.
* * * LOW HITPOINT WARNING * * *
The giant cockroach closely misses you. The howler monkey hits you.
* * * LOW HITPOINT WARNING * * *
The howler monkey closely misses you.
You hear some strange, mumbled words.
A magic dart appears from out of thin air!
The magic dart hits you!
You die...

†.o###........... . .........####
.Y.............. .#.........#####
..o###........# #.#..(...........
....###(.....###...............#.
.#..†###.................####..##
###h.##..........# ..... #...#
#..###.###....###....... #..).
#...##.####..h##....... ###..
##.....##.#.Y{@...##.. #..
#..h........Bh..###.# #..
#...#...##.#......###.## #..
....##......#.....##....# #..
...##..#.......#........## ###..
......##.......#.........####†#..
..............##..#.......##.....
.................<(...##.......##
.....##.............####......#


You could see an ice beast, 2 howler monkeys and a giant cockroach.

Vanquished Creatures
  Maggie (D:6)
  A water moccasin (D:5)
  An ice beast (D:5)
  A phantom (D:4)
  A centaur (D:6)
  A bullfrog zombie (D:5)
  An orc priest (D:5)
  A jelly (D:6)
  An iguana (D:6)
  3 orc wizards
  2 worker ants (D:4)
  9 adders
  3 gnolls (D:5)
  An ufetubus (D:5)
  An ooze (D:3)
  A worm (D:5)
  A dart slug (D:2)
  4 leopard geckos
  13 orcs
  6 bats
  3 giant cockroaches
  5 goblins
  12 hobgoblins
  4 jackals
  3 quokkas
  A ball python (D:3)
  A frilled lizard (D:4)
  5 kobolds
  A leopard gecko skeleton (D:5)
  4 rats
92 creatures vanquished.

Notes
Turn   | Place    | Note
-------+----------+-------------------------------------------
     0 | D:1      | jasper the Octopode Conjurer began the quest for the Orb.
     0 | D:1      | Reached XP level 1. HP: 11/11 MP: 3/3
     2 | D:1      | Noticed a halfling
     2 | D:1      | Noticed a spriggan
     4 | D:1      | Noticed a demigod
     6 | D:1      | Noticed an ogre
     6 | D:1      | Noticed a troll
     8 | D:1      | Noticed a human
     8 | D:1      | Noticed a formicid
    10 | D:1      | Noticed a dwarf
    10 | D:1      | Noticed an elf
    12 | D:1      | Noticed a vampire
    12 | D:1      | Noticed a ghoul
    14 | D:1      | Noticed a vine stalker
    14 | D:1      | Noticed a merfolk
    18 | D:1      | Noticed a minotaur
    18 | D:1      | Noticed a draconian
    20 | D:1      | Noticed a demonspawn
    22 | D:1      | Noticed an octopode
    22 | D:1      | Noticed a tengu
    24 | D:1      | Noticed a felid
    24 | D:1      | Noticed a gargoyle
    26 | D:1      | Noticed a naga
    26 | D:1      | Noticed a centaur
   522 | D:1      | Reached XP level 2. HP: 17/17 MP: 1/5
   525 | D:1      | Learned a level 2 spell: Searing Ray
  1032 | D:2      | Reached XP level 3. HP: 20/21 MP: 1/6
  1489 | D:2      | Reached skill level 5 in Conjurations
  1547 | D:2      | You fall into a shaft and drop 1 floor!
  1587 | D:3      | Reached XP level 4. HP: 13/27 MP: 3/8
  2018 | D:3      | Reached XP level 5. HP: 31/31 MP: 5/9
  2023 | D:3      | Learned a level 4 spell: Fulminant Prism
  2694 | D:4      | Reached skill level 6 in Conjurations
  3023 | D:4      | Noticed a phantom
  3032 | D:4      | Killed a phantom
  3033 | D:4      | Reached XP level 6. HP: 23/36 MP: 1/11
  3692 | D:5      | Entered Level 5 of the Dungeon
  3779 | D:5      | Noticed an ice beast
  3788 | D:5      | Killed an ice beast
  3789 | D:5      | Reached skill level 7 in Conjurations
  3789 | D:5      | Reached XP level 7. HP: 41/41 MP: 4/13
  3801 | D:5      | Learned a level 1 spell: Apportation
  3803 | D:5      | Learned a level 1 spell: Animate Skeleton
  4062 | D:5      | Found a basalt altar of Yredelemnul.
  4361 | D:5      | Identified the +6 great sword "Fyunisku" {vorpal, rElec
                  | Str+5}
  4615 | D:6      | Noticed Maggie
  4627 | D:6      | Killed Maggie
  4628 | D:6      | Reached skill level 5 in Spellcasting
  4628 | D:6      | Reached skill level 8 in Conjurations
  4628 | D:6      | Reached XP level 8. HP: 14/46 MP: 2/15
  5296 | D:6      | Killed from afar by an orc wizard

Illustrated notes

Levels and vault maps discovered:
D:1:      kb_arrival_jail, layout_loops_ring
D:2:      wander_river, layout_basic, minmay_misc_feat_doors
D:3:      layout_rooms, serial_rivers, chequers_serial_rivers_large_a,
          chequers_serial_rivers_room_b, chequers_serial_rivers_small_3,
          chequers_serial_rivers_marsh, chequers_serial_rivers_micro_b
D:4:      kennysheep_big_flooded_room, layout_basic
D:5:      layout_loops_ring, nicolae_overflow_crystal_walls
D:6:      layout_cave_pools, uniq_maggie

Skill      XL: |  1  2  3  4  5  6  7 |
---------------+----------------------+-----
Conjurations   | 5 6 7 8 |  8.8
Spellcasting   | 3 4 5 |  5.2
Dodging        | |  2.0
Stealth        | |  2.6

Action                   |  1- 3 |  4- 6 |  7- 9 || total
-------------------------+-------+-------+-------++-------
Melee: Unarmed           |     1 |    23 |     2 ||    26
       Constrict         |       |     8 |     4 ||    12
       Tentacles         |       |     5 |     2 ||     7
       Great sword       |       |       |     6 ||     6
 Cast: Magic Dart        |    50 |    64 |     7 ||   121
       Searing Ray       |     2 |    11 |     9 ||    22
  Use: Potion            |       |       |     1 ||     1
 Stab: Sleeping          |       |     2 |     2 ||     4
Armor: Skin              |     2 |     1 |     1 ||     4
Dodge: Dodged            |    18 |    21 |    23 ||    62
       Rpst.: Great sword |       |       |     5 ||     5

Table legend: (Time is in decaauts)
 A = Elapsed time spent in this place.
 B = Non-inter-level travel time spent in this place.
 C = Inter-level travel time spent in this place.
 D = Time resting spent in this place.
 E = Time spent auto-exploring this place.
 F = Levels seen in this place.
 G = Mean time per level.
                   A        B        C        D        E       F      G
               +--------+--------+--------+--------+--------+-----+--------+
         Total |   5305 |   5224 |     81 |    877 |   3754 |   6 |  884.2 |
       Dungeon |   5305 |   5224 |     81 |    877 |   3754 |   6 |  884.2 |
               +--------+--------+--------+--------+--------+-----+--------+

Top non-repeatable levels by time:
     D:5: 1430 daAuts
     D:4: 1073 daAuts
     D:3: 1070 daAuts
     D:1: 929 daAuts
     D:2: 619 daAuts
     D:6: 182 daAuts
